 Dungeon Crawl Stone Soup version 0.23.2-40-g277498a001 (webtiles) character file.

Game seed: 5615997324343435903

30 Napalmbreeze the Skirmisher (level 3, -2/29 HPs)
             Began as a Demonspawn Chaos Knight on Sept 1, 2019.
             Was a Plaything of Xom.
             Slain by a goblin (3 damage)
             ... on level 2 of the Dungeon.
             The game lasted 00:02:01 (1081 turns).

Napalmbreeze the Skirmisher (DsCK)                  Turns: 1081, Time: 00:02:02

Health: -2/29      AC:  1    Str: 12 (13) XL:     3   Next: 3%
Magic:  2/2        EV: 11    Int: 12 (13) God:    Xom [.*....]
Gold:   57         SH:  0    Dex: 11 (12) Spells: 2/2 levels left

rFire    . . .     SeeInvis .   a - +0 mace (chaos)
rCold    . . .     Gourm    .   (no shield)
rNeg     . . .     Faith    .   n - +0 leather armour (curse)
rPois    .         Spirit   .   (no helmet)
rElec    .         Reflect  .   (no cloak)
rCorr    .         Harm     .   (no gloves)
MR       .....                  (no boots)
Stlth    +.........             (no amulet)
HPRegen  0.09/turn              (no ring)
MPRegen  0.08/turn              (no ring)

@: no status effects
A: hooves 2, deformed body, deterioration 1, low mp 1
a: Renounce Religion


You were on level 2 of the Dungeon.
You worshipped Xom.
You were a plaything of Xom.
You were not hungry.

You visited 1 branch of the dungeon, and saw 2 of its levels.

You collected 57 gold pieces.

Inventory:

Hand Weapons
 a - a +0 mace of chaos (weapon)
Armour
 k - a +0 ring mail
 n - a cursed +0 leather armour (worn)
Jewellery
 m - an uncursed ring of stealth {unknown}
Scrolls
 d - 4 scrolls of identify {unknown}
 e - a scroll of fear {unknown}
 f - a scroll of enchant armour {unknown}
 g - a scroll of immolation {unknown}
 j - a scroll of remove curse {unknown}
Potions
 l - a potion of degeneration {unknown}
Comestibles
 c - 4 rations


   Skills:
 + Level 3.2 Fighting
 * Level 3.2 Maces & Flails
 + Level 2.1 Armour
 + Level 1.3 Dodging


You had 2 spell levels left.
You didn't know any spells.
Your spell library was empty.

Dungeon Overview and Level Annotations

Branches:
Dungeon (2/15)

Altars:


Innate Abilities, Weirdness & Mutations

You have hoof-like feet.
Armour fits poorly on your strangely shaped body.
Your body sometimes deteriorates upon taking damage.
Your magical capacity is low. (-10% MP)


Message History

The stone closely misses you.
You barely miss the goblin. Your kick misses the goblin.
The goblin barely misses you.
The goblin shoots a stone.
The stone hits you! The goblin hits you.
* * * LOW HITPOINT WARNING * * *
Your body deteriorates!
You feel dopey.
You see here a stone.
Unknown command.
The goblin shoots a stone.
The stone hits you.
* * * LOW HITPOINT WARNING * * *
You see here a stone.
Unknown command.
It was a potion of flight.
You feel very buoyant.
You fly up into the air.
The goblin hits you.
* * * LOW HITPOINT WARNING * * *
It was a potion of cancellation.
Your magical effects are unravelling.
You feel magically purged.
You float gracefully downwards.
The goblin hits you.
You die...

# .# ##### #####.### #...#
......... #...# #....>#
####...########†.g..###
.####.........#.r(((.....!.
..............#g###....<###
####.........@.# #.....#
##.#...###### ###.###
#.#...# #.# ##### #.#...#
#.# #.... #.##### #.# #.###
#.###### #.# #.# #......#
#.# #.# ######.# ##### #.#
#.# #.###...# #.# #.#


You could see a goblin and a rat.

Vanquished Creatures
  An adder (D:2)
  2 bats (D:1)
  A giant cockroach (D:1)
  4 goblins (D:1)
  4 hobgoblins
  A ball python (D:1)
  6 kobolds
  2 rats
21 creatures vanquished.

Notes
Turn   | Place    | Note
-------+----------+-------------------------------------------
     0 | D:1      | Napalmbreeze the Demonspawn Chaos Knight began the quest
                  | for the Orb.
     0 | D:1      | Reached XP level 1. HP: 18/18 MP: 1/1
    68 | D:1      | XOM: silly message
   121 | D:1      | XOM: potion effect (agility)
   173 | D:1      | Reached skill level 1 in Dodging
   263 | D:1      | Gained mutation: You have large cloven feet. [demonic
                  | ancestry]
   263 | D:1      | Reached XP level 2. HP: 24/24 MP: 2/2
   313 | D:1      | XOM: harmless Necr miscast
   590 | D:1      | XOM: give mutations
   590 | D:1      | Gained mutation: Your magical capacity is low. (-10% MP)
                  | [Xom's mischief]
   590 | D:1      | Gained mutation: Your body sometimes deteriorates upon
                  | taking damage. [Xom's mischief]
   590 | D:1      | Gained mutation: Armour fits poorly on your strangely
                  | shaped body. [Xom's mischief]
   868 | D:2      | Gained mutation: You have hoof-like feet. [demonic
                  | ancestry]
   868 | D:2      | Reached XP level 3. HP: 20/29 MP: 2/2
  1080 | D:2      | HP: 1/29 [goblin (3)]
  1081 | D:2      | Slain by a goblin

Skill      XL: |  1  2 |
---------------+-------+-----
Dodging        | 1 |  1.3
Maces & Flails | 3 |  3.2
Armour         | 2 |  2.1
Fighting       | |  3.2

Action                   || total
-------------------------++-------
Melee: Mace              ||    66
       Kick              ||     6
  Use: Potion            ||     2
 Stab: Sleeping          ||     1
       Paralysed         ||     2
  Eat: Chunk             ||     1
Armor: Leather armour    ||    15
       Ring mail         ||     8
Dodge: Dodged            ||    48
